 Dungeon Crawl Stone Soup version 0.28.0-43-g3370ac3207 (webtiles) character file.

Game seed: 5879001198695746734

969 zeratav the Covert (level 7, -1/31 (33) HPs)
             Began as a Spriggan Enchanter on Apr 1, 2022.
             Was an Initiate of Wu Jian.
             Slain by a wight
             ... wielding a +0 battleaxe
              (2 damage)
             ... on level 6 of the Dungeon.
             The game lasted 00:25:28 (6290 turns).

zeratav the Covert (Spriggan Enchanter)             Turns: 6290, Time: 00:25:29

HP:   -1/31 (33)    AC:  5    Str:  4    XL:     7   Next: 94%
MP:   12/16         EV: 18    Int: 18    God:    Wu Jian [......]
Gold: 284           SH:  0    Dex: 16    Spells: 11/16 levels left

rFire   + . .      SeeInvis +   a - +1 dagger
rCold   . . .      Faith    .   (no shield)
rNeg    . . .      Spirit   .   b - +0 robe
rPois   .          Reflect  .   (helmet restricted)
rElec   .          Harm     .   y - +2 cloak
rCorr   .          Rampage  .   (gloves unavailable)
Will    +....                   (boots unavailable)
Stlth   ++++......              r - amulet of the acrobat
HPRegen 0.10/turn               e - +4 ring of slaying
MPRegen 0.15/turn               m - ring of protection from fire

@: drained, very quick
A: very small, no large weapons, unfitting armour, see invisible, speed 3,
passive freeze
a: Renounce Religion


You were on level 6 of the Dungeon.
You worshipped Wu Jian.
Wu Jian was noncommittal.
You visited 2 branches of the dungeon, and saw 7 of its levels.

You collected 284 gold pieces.

Inventory:

Hand Weapons
 a - a +1 dagger (weapon)
 f - a +0 hunting sling
 A - a +2 short sword of electrocution
 C - a +1 short sword of speed
Missiles
 h - 72 stones
 l - 4 poisoned darts
 q - a throwing net (quivered)
Armour
 b - a +0 robe (worn)
 y - a +2 cloak (worn)
Jewellery
 e - a +4 ring of slaying (left hand)
 m - a ring of protection from fire (right hand)
 r - an amulet of the acrobat (around neck)
 t - a ring of flight
 w - an amulet of regeneration
Scrolls
 g - a scroll of blinking
 k - 4 scrolls of amnesia
 v - a scroll of vulnerability
 x - a scroll of torment
 B - a scroll of teleportation
Potions
 c - a potion of invisibility
 d - 2 potions of lignification
 i - a potion of brilliance
 j - a potion of flight
 s - a potion of attraction {unknown}
 u - a potion of curing {unknown}
 z - 3 potions of heal wounds


   Skills:
 + Level 1.0 Fighting
 * Level 3.7 Short Blades
 + Level 3.8 Dodging
 + Level 8.4 Stealth
 + Level 5.4 Spellcasting
 + Level 5.4 Hexes
 + Level 2.9 Ice Magic


You had 11 spell levels left.
You knew the following spells:

 Your Spells              Type           Power      Damage    Failure   Level
a - Ensorcelled Hibernat  Hex/Ice        38%        N/A       3%          2
b - Confusing Touch       Hex            24%        N/A       4%          3

Your spell library contained the following spells:

 Spells                   Type           Power      Damage    Failure   Level
 Tukima's Dance           Hex            24%        N/A       4%          3
 Dazzling Flash           Conj/Hex       28%        N/A       12%         3
 Magic Dart               Conj           16%        1d3       13%         1
 Call Imp                 Summ           4%         N/A       19%         2
 Static Discharge         Conj/Air       4%         N/A       19%         2
 Conjure Flame            Conj/Fire      4%         6-21      36%         3
 Ignite Poison            Fire/Tmut/Pois 4%         N/A       36%         3
 Mephitic Cloud           Conj/Pois/Air  4%         N/A       36%         3
 Sticky Flame             Conj/Fire      4%         2d3       77%         4
 Lightning Bolt           Conj/Air       2%         1d13      98%         5
 Maxwell's Capacitive Co  Air            2%         ∞         100%        8


Dungeon Overview and Level Annotations

Branches:
Dungeon (6/15)             Temple (1/1) D:4

Altars:
Elyvilon
Makhleb
Sif Muna
Wu Jian

Shops:
D:1 (

Annotations:
D:3 2 transporters


Innate Abilities, Weirdness & Mutations

You are very small and have problems with some larger weapons.
You are too small for most types of armour.
You have supernaturally acute eyesight. (SInv)
You cover ground extremely quickly. (Speed+++)
A frigid envelope surrounds you and freezes all who hurt you.


Message History

You destroy the phantom!
The Council accepts your kill.
The now-empty wand crumbles to dust.
You start resting.
A gnoll is nearby!
Casting: Confusing Touch (dangerous; 4% risk of failure)
Confirm with . or Enter, or press ? or * to list all spells.
Aiming: Ensorcelled Hibernation (safe; 3% risk of failure)
Press: ? - help, Shift-Dir - straight line, f - gnoll
Aim: a gnoll, wielding a +0 flail (chance to affect: 61%)
The gnoll resists with significant effort.
The gnoll barely misses you.
Casting: Ensorcelled Hibernation (safe; 3% risk of failure)
Confirm with . or Enter, or press ? or * to list all spells.
Aiming: Ensorcelled Hibernation (safe; 3% risk of failure)
Press: ? - help, Shift-Dir - straight line, f/p - gnoll
Aim: a gnoll, wielding a +0 flail (chance to affect: 61%)
The gnoll resists with significant effort.
The gnoll hits you with a +0 flail.
The gnoll is very cold.
The gnoll is heavily wounded.
Casting: Ensorcelled Hibernation (safe; 3% risk of failure)
Confirm with . or Enter, or press ? or * to list all spells.
Aiming: Ensorcelled Hibernation (safe; 3% risk of failure)
Press: ? - help, Shift-Dir - straight line, f/p - gnoll
Aim: a gnoll, wielding a +0 flail (heavily wounded, chance to affect: 61%)
The gnoll looks drowsy...
The helpless gnoll fails to defend itself.
You skewer the gnoll like a kebab!!!
You kill the gnoll!
The Council accepts your kill.
You start resting.
A wight comes into view. It is wielding a +0 battleaxe.
Casting: Ensorcelled Hibernation (safe; 3% risk of failure)
Confirm with . or Enter, or press ? or * to list all spells.
You can't see any susceptible monsters within range! (Use Z to cast anyway.) Unknown command.
You closely miss the wight. The wight hits you with a +0 battleaxe!
* * * LOW HITPOINT WARNING * * *
You feel drained.
You die...

#.......# #.....#
#.......# #.....#
##'###### #.....#
#.# ##W#### #.#
#.#
###.###########.#
#...............#
#.#z###########.#
#.#.@.# #.#
#.###.# ###
#.....# #######


You could see a wight.

Vanquished Creatures
  The ghost of zeratav the Insei, an amateur OpTm (D:3)
  A sky beast (D:4)
  An ogre (D:5)
  2 phantoms (D:6)
  A scorpion (D:4)
  2 bullfrog zombies
  A jelly (D:4)
  A hound (D:4)
  An orc priest (D:5)
  4 iguanas
  An orc wizard (D:5)
  2 hound skeletons
  4 gnolls
  5 adders
  An ufetubus (D:4)
  A worm (D:5)
  2 dart slugs
  8 orcs
  6 ball pythons
  5 endoplasms
  3 giant cockroaches (D:1)
  5 goblins
  2 hobgoblins
  7 jackals
  6 kobolds
  2 quokkas
  2 bats (D:1)
  6 rats
83 creatures vanquished.

Vanquished Creatures (others)
  A plant (D:1)
1 creature vanquished.

Grand Total: 84 creatures vanquished

Notes
Turn   | Place    | Note
-------+----------+-------------------------------------------
     0 | D:1      | zeratav the Spriggan Enchanter began the quest for the Orb.
     0 | D:1      | Reached XP level 1. HP: 9/9 MP: 5/5
     6 | D:1      | Noticed a lindwurm
     6 | D:1      | Noticed a rime drake
     6 | D:1      | Noticed an iguana
     6 | D:1      | Noticed a wolf
     6 | D:1      | Noticed a black mamba
    62 | D:1      | Found Wimisun's Weapon Boutique.
   264 | D:1      | Reached XP level 2. HP: 13/13 MP: 6/6
   267 | D:1      | Learned a level 2 spell: Ensorcelled Hibernation
  1147 | D:2      | Found a faded altar of an unknown god.
  1329 | D:2      | Reached XP level 3. HP: 9/16 MP: 1/8
  2272 | D:3      | Found a transporter.
  2280 | D:3      | Found a transporter.
  2300 | D:3      | Reached skill level 5 in Stealth
  2326 | D:3      | Reached skill level 1 in Ice Magic
  2326 | D:3      | Reached XP level 4. HP: 21/21 MP: 2/9
  2593 | D:3      | Reached XP level 5. HP: 24/24 MP: 8/11
  2982 | D:3      | Found a runed translucent gate.
  2982 | D:3      | Found a runed translucent gate.
  2982 | D:3      | Found a runed translucent gate.
  2998 | D:3      | Noticed zeratav's ghost (amateur OpTm)
  3040 | D:3      | Killed zeratav's ghost
  3041 | D:3      | Reached skill level 6 in Stealth
  3041 | D:3      | Reached XP level 6. HP: 19/28 MP: 11/13
  3674 | D:4      | Learned a level 3 spell: Confusing Touch
  3791 | D:4      | Noticed a sky beast
  3801 | D:4      | Killed a sky beast
  3805 | D:4      | Found a white marble altar of Elyvilon.
  4322 | D:4      | Reached skill level 7 in Stealth
  4322 | D:4      | Reached XP level 7. HP: 26/32 MP: 5/15
  4415 | D:4      | Found a burning altar of Makhleb.
  4576 | D:4      | Found a staircase to the Ecumenical Temple.
  4600 | D:4      | Reached skill level 1 in Fighting
  4615 | Temple   | Entered the Ecumenical Temple
  4638 | Temple   | Became a worshipper of the Wu Jian Council
  5004 | D:5      | Entered Level 5 of the Dungeon
  5118 | D:5      | Reached skill level 5 in Spellcasting
  5118 | D:5      | Reached skill level 5 in Hexes
  5435 | D:5      | Identified the +1 scale mail of Barnacled Life {+Blink rF+
                  | Stlth+}
  5582 | D:5      | Found a shimmering blue altar of Sif Muna.
  5718 | D:5      | Reached skill level 8 in Stealth
  6199 | D:6      | Gained mutation: A frigid envelope surrounds you and
                  | freezes all who hurt you. [potion of mutation]
  6290 | D:6      | HP: 1/33 [wight/+0 battleaxe (12)]
  6290 | D:6      | Slain by a wight

Illustrated notes

Levels and vault maps discovered:
D:1:      onia_arrival_zoo_common, layout_rooms, serial_shops,
          nicolae_shop_advertising_works [nicolae_subvault_shop_adworks],
          serial_bayou_pond_a, hangedman_decor_growths, minmay_split_cup_large
D:2:      layout_loops_ring, nicolae_ecumenical_lake_church,
          grunt_decor_resistance
D:3:      gammafunk_wand_slinger, layout_basic, ebering_ghost_rock_garden,
          st_stairs_5
D:4:      layout_loops_ring, lemuel_tele_altar, mainiacjoe_overflow_chevrons,
          minmay_temple_entry_waves, minmay_increasing_density
D:5:      layout_loops_ring, kennysheep_orc_sif_temple
D:6:      layout_basic, minmay_holes
Temple:   minmay_temple_forest_path

Skill      XL: |  1  2  3  4  5  6  7 |
---------------+----------------------+-----
Dodging        | 3 |  3.8
Spellcasting   | 3 4 5 |  5.4
Hexes          | 4 5 |  5.4
Stealth        | 5 6 7 8 |  8.4
Ice Magic      | 1 2 |  2.9
Short Blades   | 2 3 |  3.7
Fighting       | 1 |  1.0

Action                   |  1- 3 |  4- 6 |  7- 9 || total
-------------------------+-------+-------+-------++-------
Melee: Dagger            |    61 |    72 |    43 ||   176
       Punch             |     1 |       |     2 ||     3
Throw: Throwing net      |       |       |     1 ||     1
 Cast: Ensorcelled Hiber |    31 |    34 |    22 ||    87
       Confusing Touch   |       |       |     3 ||     3
Invok: Lunge             |       |       |     6 ||     6
Evoke: Wand              |       |       |     4 ||     4
  Use: Scroll            |     5 |     3 |     6 ||    14
       Potion            |       |       |     1 ||     1
 Stab: Sleeping          |    20 |    21 |    17 ||    58
       Distracted        |       |       |     1 ||     1
       Confused          |       |       |     1 ||     1
Armor: Robe              |     7 |     8 |     2 ||    17
Dodge: Dodged            |    56 |    61 |    14 ||   131
